AoeStats
← tilmanv

Black Forest

509381739Analyzed
4v4 RM · 7d ago on Sep 26, 2026· 45m 22s· 8 players
Game mode
Random Map
Map size
Large (8 player)
Population
200
Speed
Normal
Resources
Standard
Victory
Conquest
Starting age
Dark Age
Ending age
Imperial Age
RankedLock teamsTeams togetherTeam positionsShared explorationLock speedFull tech treeHidden civsTurbo modeCheats
Victory
Defeat
🇩🇪 Teutons · Germany
1010
+14
🇨🇳 Turks · China
1005
+14
🇹🇼 Persians · Taiwan
995
+15
🇨🇳 Byzantines · China
948
+17
🇩🇪 Bohemians · Germany
1066
-19
🇺🇸 Saxons · United States
1012
-17
🇬🇧 Dravidians · United Kingdom
922
-13
🇬🇧 Turks · United Kingdom
866
-11
Maudi
0:29 Loom
11:01 Feudal Age
16:47 Castle Age
14:44 Double-Bit Axe
15:04 Horse Collar
16:51 Wheelbarrow
18:41 Fervor
21:28 Heavy Plow
24:37 Bow Saw
25:17 Fletching
25:28 Elite Skirmisher
26:44 Bodkin Arrow
29:31 Town Watch
31:40 Scale Mail Armor
31:50 Forging
32:12 Pikeman
32:52 Squires
33:37 Ballistics
33:14 Arson
33:34 Padded Archer Armor
37:05 Murder Holes
38:11 Chemistry
37:04 Pikeman
37:45 Squires
39:19 Chain Mail Armor
39:39 Iron Casting
Kaizoku Oh
0:26 Loom
12:10 Feudal Age
17:59 Castle Age
16:01 Double-Bit Axe
16:01 Horse Collar
16:16 Gold Mining
16:39 Fletching
18:12 Padded Archer Armor
19:34 Heavy Plow
19:48 Bow Saw
22:46 Bodkin Arrow
23:07 Leather Archer Armor
23:30 Pikeman
24:27 Elite Skirmisher
26:35 Stone Mining
31:12 Thumb Ring
dpiddock77
0:30 Loom
13:05 Feudal Age
14:37 Double-Bit Axe
15:14 Gold Mining
15:11 Horse Collar
18:01 Castle Age
20:25 Wheelbarrow
24:27 Heavy Plow
24:44 Bow Saw
30:03 Imperial Age
33:35 Two-Man Saw
33:45 Hand Cart
35:27 Fortified Wall
35:12 Murder Holes
35:40 Ballistics
35:41 Bombard Tower
36:31 Heavy Camel Rider
39:59 Elite Janissary
44:56 Artillery
45:18 Sipahi
45:55 Bloodlines
DunedainRanger
0:57 Loom
13:23 Feudal Age
17:41 Castle Age
15:35 Double-Bit Axe
15:31 Horse Collar
18:54 Bow Saw
18:49 Heavy Plow
24:00 Wheelbarrow
25:28 Gold Mining
26:20 Hand Cart
29:14 Gold Shaft Mining
28:29 Stone Mining
31:17 Imperial Age
28:37 Town Watch
30:27 Scale Mail Armor
30:38 Forging
30:50 Ballistics
30:28 Pikeman
31:09 Squires
30:54 Arson
30:52 Crossbowman
31:49 Chain Mail Armor
31:25 Fletching
31:35 Padded Archer Armor
31:58 Town Patrol
31:31 Arbalester
32:17 Thumb Ring
32:50 Iron Casting
31:47 Capped Ram
33:29 Plate Mail Armor
34:10 Chemistry
34:44 Illumination
34:36 Block Printing
34:48 Bodkin Arrow
34:55 Padded Archer Armor
34:52 Clerical Recruitment
34:57 Shield Wall
35:58 Conscription
35:10 Halberdier
38:47 Siege Ram
40:11 Bracer
40:27 Leather Archer Armor
40:47 Iron Casting
42:27 Ring Archer Armor
44:07 Elite Varangian Guard
Kevin
0:28 Loom
13:35 Feudal Age
17:02 Castle Age
15:13 Horse Collar
15:20 Double-Bit Axe
23:17 Heavy Plow
25:15 Bow Saw
26:32 Wheelbarrow
26:34 Stone Mining
26:36 Gold Mining
28:10 Gold Shaft Mining
28:12 Stone Shaft Mining
30:37 Scale Barding Armor
30:43 Forging
30:24 Fletching
30:34 Padded Archer Armor
30:54 Scale Mail Armor
31:34 Hand Cart
32:36 Chain Barding Armor
32:52 Iron Casting
32:51 Ballistics
32:41 Fortified Wall
32:29 Murder Holes
35:20 Imperial Age
33:40 Bodkin Arrow
34:01 Leather Archer Armor
34:48 Crossbowman
35:33 Thumb Ring
36:13 Chain Mail Armor
36:30 Conscription
36:20 Arbalester
38:56 Caravan
39:09 Husbandry
40:38 Chemistry
39:40 Bracer
40:57 Plate Barding Armor
40:52 Ring Archer Armor
39:47 Pikeman
40:27 Squires
41:33 Elite Cataphract
43:00 Logistica
42:20 Elite Skirmisher
43:51 Hoardings
44:23 Plate Mail Armor
給你舒服
1:04 Loom
11:46 Feudal Age
12:20 Double-Bit Axe
12:56 Horse Collar
18:32 Castle Age
16:57 Gold Mining
17:42 Stone Mining
19:34 Bow Saw
20:15 Heavy Plow
24:23 Fletching
27:36 Imperial Age
27:45 Imperial Age
27:18 Kamandaran
28:00 Crossbowman
29:34 Bloodlines
31:41 Fletching
32:53 Padded Archer Armor
33:39 Husbandry
33:55 Scale Barding Armor
33:48 Bodkin Arrow
34:15 Thumb Ring
35:10 Wheelbarrow
35:20 Chain Barding Armor
35:28 Ballistics
36:21 Leather Archer Armor
40:21 Ring Archer Armor
40:28 Plate Barding Armor
43:44 Forging
46:16 Iron Casting
tilmanv
13:13 Feudal Age
14:34 Wheelbarrow
13:47 Double-Bit Axe
17:22 Castle Age
16:31 Gold Mining
16:32 Stone Mining
17:12 Horse Collar
18:23 Hand Cart
23:02 Loom
23:02 Town Watch
29:32 Imperial Age
28:07 Bow Saw
28:18 Forging
28:14 Scale Barding Armor
29:54 Bloodlines
31:26 Iron Casting
31:11 Chain Barding Armor
30:14 Cavalier
32:54 Heavy Plow
33:18 Paladin
36:06 Blast Furnace
35:42 Plate Barding Armor
39:06 Stone Shaft Mining
39:41 Two-Man Saw
39:42 Town Patrol
40:47 Chemistry
40:08 Ballistics
gongyi528
12:45 Feudal Age
11:01 Loom
13:43 Double-Bit Axe
13:49 Gold Mining
14:34 Horse Collar
16:58 Castle Age
18:29 Gold Shaft Mining
22:56 Imperial Age
21:28 Bow Saw
21:19 Heavy Plow
21:21 Padded Archer Armor
22:38 Leather Archer Armor
23:53 Wheelbarrow
36:20 Ring Archer Armor
37:16 Hand Cart
38:03 Two-Man Saw
38:57 Scale Barding Armor
39:59 Chain Barding Armor
42:14 Husbandry
42:24 Bloodlines
42:00 Capped Ram
43:54 Plate Barding Armor
43:30 Forging
44:35 Fletching
44:32 Treadmill Crane
45:03 Masonry
45:15 Bombard Tower
45:16 Ballistics
45:07 Fortified Wall
Connection lost

Rejoining the realm…

Still unreachable

The connection could not be restored.

Session expired

The server has moved on; the page needs a fresh start.